 Dungeon Crawl Stone Soup version 0.30-b1-2-g02819fbbbe (webtiles) character file.

Game seed: 5961189198565924439

55 Metae the Covered (level 3, -5/33 HPs)
             Began as a Minotaur Fighter on June 21, 2023.
             Slain by Sigmund
             ... wielding a +0 scythe
              (7 damage)
             ... on level 4 of the Dungeon.
             The game lasted 00:06:38 (2543 turns).

Metae the Covered (Minotaur Fighter)                Turns: 2543, Time: 00:06:38

Health: -5/33      AC:  9    Str: 22    XL:     3   Next: 67%
Magic:  2/2        EV:  9    Int:  5    God:
Gold:   220        SH:  4    Dex:  9    Spells: 2/2 levels left

rFire   . . .        a - +0 flail
rCold   . . .        c - +0 buckler
rNeg    . . .        b - +0 scale mail
rPois   .            (helmet restricted)
rElec   .            (no cloak)
rCorr   .            m - +1 pair of gloves
SInv    .            (no boots)
Will    .....        (no amulet) Stlth
                     (no ring)
HPRegen 0.25/turn    (no ring)
MPRegen 0.08/turn

%: no passive effects
@: mighty
A: horns 2, retaliatory headbutt
a: no special abilities


You were on level 4 of the Dungeon.
You visited 1 branch of the dungeon, and saw 4 of its levels.

You collected 220 gold pieces.

Inventory:

Hand Weapons
 a - a +0 flail (weapon)
 o - a +1 short sword of electrocution
Missiles
 f - 40 stones (quivered)
 p - 3 poisoned darts
Armour
 b - a +0 scale mail (worn)
 c - a +0 buckler (worn)
 m - a +1 pair of gloves (worn)
Scrolls
 e - 8 scrolls of identify {unknown}
 g - a scroll of magic mapping {unknown}
 h - a scroll of vulnerability {unknown}
 j - a scroll of teleportation {unknown}
 k - 2 scrolls of blinking {unknown}
 r - 2 scrolls of acquirement {unknown}
Potions
 d - a potion of might
 i - a potion of attraction {unknown}
 l - a potion of mutation {unknown}
 n - 2 potions of invisibility {unknown}
 q - a potion of degeneration {unknown}


   Skills:
 + Level 4.2 Fighting
 + Level 3.1 Maces & Flails
 + Level 4.3 Armour
 + Level 4.2 Shields


You had 2 spell levels left.
You didn't know any spells.
Your spell library contained the following spells:

 Spells                   Type           Power      Damage    Failure   Level
 Sublimation of Blood     Necr           0%         N/A       94%         2
 Petrify                  Tmut/Erth      0%         N/A       100%        4
 Irradiate                Conj/Tmut      0%         3d11      100%        5


Dungeon Overview and Level Annotations

Branches:
Dungeon (4/15)
 Temple: D:4-7

Altars:
Elyvilon
Kikubaaqudgha
Trog
Zin
The Shining One

Shops:
D:1 (

Annotations:
D:4 Sigmund


Innate Abilities, Weirdness & Mutations

You have a pair of horns on your head.
You reflexively headbutt those who attack you in melee.


Message History

You block something's attack. The adder bites you but does no damage.
You barely miss something. Your headbutt misses something.
You block the adder's attack. Something hits you. You block the adder's attack.
You closely miss something. The adder bites you. Something hits you.
The adder barely misses you.
You hit something but do no damage. The adder bites you but does no damage.
Something hits you but does no damage.
You miss something. The adder bites you. x2
You hear some strange, mumbled words.
You are confused.
The adder barely misses you. Something hits you but does no damage.
The adder bites you.
You are poisoned.
The adder poisons you! The adder barely misses you.
There is a stone staircase leading up, spattered with blood here.
Something hits you but does no damage.
You feel sick. The adder bites you but does no damage.
Something hits you but does no damage.
You feel sick. The adder bites you but does no damage.
There is a stone staircase leading up, spattered with blood here.
You miss something.
You feel sick. The adder closely misses you.
Something hits you but does no damage. The adder barely misses you.
You're too confused to move!
You feel sick. The adder bites you but does no damage. Something hits you.
* * * LOW HITPOINT WARNING * * *
You closely miss something. Your headbutt misses something.
You feel less confused.
You feel sick.
You are no longer poisoned.
The adder bites you but does no damage.
You hear some strange, mumbled words.
A magic dart appears from out of thin air!
The magic dart hits you.
* * * LOW HITPOINT WARNING * * *
You block the adder's attack.
You feel very mighty all of a sudden. The adder bites you but does no damage.
You block something's attack.
You barely miss the adder. You headbutt the adder!
You kill the adder!
Something hits you!
You die...

....# ..
....## .#
#....###..#
##......#..#
###.........#
............##
#......†.....#
#{@.# ##.##
#..# #.## #.
.. ..# ..


There were no monsters in sight!

Vanquished Creatures
  An adder (D:4)
  An orc (D:3)
  3 ball pythons
  9 endoplasms
  3 giant cockroaches (D:1)
  5 goblins
  3 hobgoblins
  5 kobolds
  3 quokkas
  6 bats
  3 frilled lizards (D:1)
  6 rats
48 creatures vanquished.

Notes
Turn   | Place    | Note
-------+----------+-------------------------------------------
     0 | D:1      | Metae the Minotaur Fighter began the quest for the Orb.
     0 | D:1      | Reached XP level 1. HP: 19/19 MP: 0/0
    89 | D:1      | Reached XP level 2. HP: 13/27 MP: 1/1
   453 | D:1      | Found Metutoef's Antique Weapon Shop.
   528 | D:1      | Found a faded altar of an unknown god.
  1187 | D:2      | Reached XP level 3. HP: 33/33 MP: 2/2
  1939 | D:3      | Found a white marble altar of Elyvilon.
  1939 | D:3      | Found a glowing silver altar of Zin.
  1940 | D:3      | Found a glowing golden altar of the Shining One.
  2124 | D:3      | Found a bloodstained altar of Trog.
  2244 | D:3      | Found an ancient bone altar of Kikubaaqudgha.
  2523 | D:4      | Noticed Sigmund
  2543 | D:4      | Slain by Sigmund

Illustrated notes

Levels and vault maps discovered:
D:1:      amcnicky_arrival_blooded_trapdoor, layout_basic, serial_shops,
          nicolae_shop_crystal, basic_ecumenical_altar, minmay_surrounded
D:2:      layout_loops_cross
D:3:      layout_basic, good_gods_mini_temple, mainiacjoe_overflow_swirl
D:4:      layout_layer_cave, dreamdust_wishing_well, uniq_sigmund

Skill      XL: |  1  2  3 |
---------------+----------+-----
Fighting       | 4 |  4.2
Armour         | 4 |  4.3
Shields        | 4 |  4.2
Maces & Flails | 3 |  3.1

Action                     || total
---------------------------++-------
  Melee: Flail             ||   107
         Headbutt          ||    16
    Use: Potion            ||     1
 Armour: Scale mail        ||    57
  Dodge: Dodged            ||    61
  Block: Buckler           ||    32
